 Dungeon Crawl Stone Soup version 0.31.0-9-g3a7656b989 (webtiles) character file.

Game seed: 13203086652739919719

69 qw the Shooter (level 4, -2/25 HPs)
             Began as a Deep Elf Hunter on Feb 2, 2024.
             Incinerated by a bombardier beetle (4 damage)
             ... with a burning spray
             ... on level 3 of the Dungeon.
             The game lasted 00:00:05 (1624 turns).

qw the Shooter (Deep Elf Hunter)                    Turns: 1624, Time: 00:00:05

Health: -2/25      AC:  3    Str: 10    XL:     4   Next: 2%
Magic:  6/6        EV: 12    Int: 14    God:
Gold:   108        SH:  0    Dex: 18    Spells: 3/3 levels left

rFire   . . .        a - +0 shortbow
rCold   . . .        (shield currently unavailable)
rNeg    . . .        c - +0 leather armour
rPois   .            (no helmet)
rElec   .            (no cloak)
rCorr   .            (no gloves)
SInv    .            (no boots)
Will    .....        (no amulet)
Stlth   +            (no ring)
HPRegen 0.24/turn    (no ring)
MPRegen 0.10/turn

%: no passive effects
@: on fire, glowing
A: no striking features
a: no special abilities


You were on level 3 of the Dungeon.
You visited 1 branch of the dungeon, and saw 3 of its levels.

You collected 108 gold pieces.


   Skills:
 - Level 1.5 Fighting
 + Level 7.4 Ranged Weapons
 - Level 2.4 Dodging
 - Level 1.2 Stealth


You had 3 spell levels left.
You didn't know any spells.
Your spell library was empty.

Inventory:

Hand Weapons
 a - a +0 shortbow (weapon)
Armour
 c - a +0 leather armour (worn)
Potions
 e - a potion of attraction {unknown}
 g - a potion of degeneration {unknown}
 i - a potion of resistance

Dungeon Overview and Level Annotations

Branches:
Dungeon (3/15)

Altars:
Cheibriados

Shops:
D:2 :

Annotations:
D:3 1 transporter


Message History

There is a transporter here.
A bombardier beetle comes into view.
Enter note: You shoot an arrow.
The arrow hits the bombardier beetle but does no damage.
You shoot an arrow.
The arrow barely misses the bombardier beetle.
You shoot an arrow.
The arrow barely misses the bombardier beetle.
The bombardier beetle bites you.
You shoot an arrow.
The arrow closely misses the bombardier beetle.
You shoot an arrow.
The arrow barely misses the bombardier beetle.
The bombardier beetle sprays incendiary fluid at you.
The burning spray hits you.
You are covered in liquid fire!
You shoot an arrow. The arrow hits the bombardier beetle!
The bombardier beetle is heavily wounded.
The liquid fire burns you!
You shoot an arrow.
The arrow hits the bombardier beetle but does no damage.
The bombardier beetle is heavily wounded.
The liquid fire burns you! The bombardier beetle bites you.
You shoot an arrow.
The arrow closely misses the bombardier beetle.
The liquid fire burns you!
The bombardier beetle bites you but does no damage.
You shoot an arrow. The arrow hits the bombardier beetle.
The bombardier beetle is severely wounded.
The liquid fire burns you!
You shoot an arrow.
The arrow closely misses the bombardier beetle.
The liquid fire burns you!
The bombardier beetle bites you but does no damage.
You shoot an arrow. The arrow hits the bombardier beetle.
The bombardier beetle is almost dead.
The liquid fire burns you!
You die...

# ##..^#^/+..~ #. .
##..#..#..~ #. #.
##.#P.#~~~ #. .#
###.#8P#Ko. #. #
#...####### #.
#.#........ #.
#.######################.
#.# #.B.........<.%...
#.# #@# ############# #.#
#.# ########.# #.#
.........# #.# #######..#
#.# ........######.#
######.........#
###########


You could see a bombardier beetle.

Vanquished Creatures
  2 adders (D:2)
  2 dart slugs
  4 bats (D:2)
  5 endoplasms
  2 giant cockroaches
  5 goblins
  2 hobgoblins (D:1)
  3 jackals (D:1)
  4 quokkas
  4 ball pythons
  4 frilled lizards
  3 kobolds
  3 rats
43 creatures vanquished.

Notes
Turn   | Place    | Note
-------+----------+-------------------------------------------
     0 | D:1      | qw the Deep Elf Hunter began the quest for the Orb.
     0 | D:1      | Reached XP level 1. HP: 12/12 MP: 3/3
     0 | D:1      | 0 ||| qw: Version: 0.3-a-155-g5e7d8dd
     0 | D:1      | 0 ||| qw: Game counter: 513
     0 | D:1      | 0 ||| qw: Melee chars always use a shield: true
     0 | D:1      | 0 ||| qw: God list: Okawaru
     0 | D:1      | 0 ||| qw: Allow faded altars: false
     0 | D:1      | 0 ||| qw: Do Orc after clearing Dungeon:15 true
     0 | D:1      | 0 ||| qw: Do second Lair branch before Depths: true
     0 | D:1      | 0 ||| qw: Lair rune preference: random
     0 | D:1      | 0 ||| qw: Goals: Normal
     0 | D:1      | 0 ||| PLANNING D:1-11
   168 | D:1      | Reached XP level 2. HP: 6/16 MP: 4/4
   169 | D:1      | Reached skill level 6 in Ranged Weapons
   820 | D:1      | 820 ||| READING scroll labelled BOAPUTEGHU.
   821 | D:1      | 821 ||| READING scroll labelled KURIBEO NUEZUGH.
   821 | D:1      | 821 ||| IDENTIFYING lumpy purple potion
   822 | D:1      | 822 ||| READING scroll labelled HOTHRE ONIEGGE.
   823 | D:1      | 823 ||| DROPPING scroll of butterflies.
   824 | D:1      | 824 ||| DROPPING potion of invisibility.
   856 | D:2      | Reached XP level 3. HP: 20/20 MP: 5/5
   909 | D:2      | Found a faded altar of an unknown god.
  1014 | D:2      | Found Ejinimm's Vocational Training.
  1024 | D:2      | Reached skill level 7 in Ranged Weapons
  1240 | D:2      | Found a snail-covered altar of Cheibriados.
  1418 | D:2      | 1418 ||| READING scroll of identify.
  1418 | D:2      | 1418 ||| IDENTIFYING murky blue potion
  1419 | D:2      | 1419 ||| DRINKING 2 sedimented cyan potions.
  1420 | D:2      | 1420 ||| DROPPING potion of lignification.
  1458 | D:3      | Reached XP level 4. HP: 25/25 MP: 6/6
  1563 | D:3      | Found a transporter.
  1581 | D:3      | Noticed a kobold demonologist
  1622 | D:3      | HP: 6/25 [burnt (5)]
  1623 | D:3      | HP: 1/25 [burnt (5)]
  1624 | D:3      | Incinerated by a bombardier beetle

Levels and vault maps discovered:
D:1:      giann_forest_graveyard, layout_basic
D:2:      layout_loops_cross, basic_altar, ebering_ecumenical_altar_petrified,
          nicolae_shop_vocational
D:3:      gammafunk_wand_slinger, layout_loops_ring,
          mainiacjoe_overflow_alcove_1

Skill      XL: |  1  2  3 |
---------------+----------+-----
Ranged Weapons | 6 7 |  7.4
Fighting       | |  1.5
Dodging        | |  2.4
Stealth        | |  1.2

Action                     |  1- 3 |  4- 6 || total
---------------------------+-------+-------++-------
   Fire: Shortbow          |   117 |    16 ||   133
    Use: Scroll            |     4 |       ||     4
         Potion            |     1 |       ||     1
 Armour: Leather armour    |    17 |     4 ||    21
  Dodge: Dodged            |    29 |       ||    29

Table legend:
 A = Non-vault XP
 B = Vault XP
 C = Vault XP percentage of total XP
 D = Non-vault monster count
 E = Vault monster count
 F = Vault count percentage of total count
                 A         B        C        D         E       F
            +---------+---------+-------+---------+---------+-------
      Total |      99 |       0 |   0.0 |      43 |       0 |   0.0
            +---------+---------+-------+---------+---------+-------
        D:1 |      40 |       0 |   0.0 |      22 |       0 |   0.0
        D:2 |      52 |       0 |   0.0 |      17 |       0 |   0.0
        D:3 |       7 |       0 |   0.0 |       4 |       0 |   0.0
            +---------+---------+-------+---------+---------+-------
